 Dungeon Crawl Stone Soup version 0.26-a0-597-gb535b0901c (webtiles) character file.

Game seed: 10193842003148853563

196 Apogee the Vandal (level 6, 0/42 HPs)
             Began as a Halfling Hunter on Sept 12, 2020.
             Succumbed to an adder's poison
             ... on level 3 of the Dungeon.
             The game lasted 00:05:44 (2686 turns).

Apogee the Vandal (Halfling Hunter)                 Turns: 2686, Time: 00:05:45

Health: 0/42       AC:  4    Str: 15    XL:     6   Next: 4%
Magic:  6/6        EV: 16    Int:  9    God:
Gold:   51         SH:  0    Dex: 15    Spells: 5/5 levels left

rFire    . . .     SeeInvis .   b - +2 hunting sling (freeze)
rCold    . . .     Faith    .   (shield restricted)
rNeg     . . .     Spirit   .   c - +1 leather armour
rPois    .         Reflect  .   (no helmet)
rElec    .         Harm     .   (no cloak)
rCorr    .                      (no gloves)
MR       .....                  (no boots)
Stlth    ++........             (no amulet)
HPRegen  0.14/turn              (no ring)
MPRegen  0.10/turn              (no ring)

@: mighty, brilliant, lethally poisoned (0 -> -7), about to teleport, stab,
hasted, very quick
A: small, mutation resistance 1
a: no special abilities


You were on level 3 of the Dungeon.
You visited 1 branch of the dungeon, and saw 3 of its levels.
You also visited: Sewer.

You collected 51 gold pieces.

Inventory:

Hand Weapons
 a - a +1 whip of venom
   (You took it off a kobold in a sewer)
 b - a +2 hunting sling of freezing (weapon)
   (You found it on level 1 of the Dungeon)
 h - a +1 hunting sling
 l - a +0 short sword
Missiles
 d - 18 sling bullets (quivered)
 e - 12 poisoned darts
 g - 90 stones
Armour
 c - a +1 leather armour (worn)
Scrolls
 n - a scroll of magic mapping
Potions
 m - a potion of might


   Skills:
 + Level 3.0 Fighting
 * Level 7.9 Slings
 + Level 3.5 Dodging
 - Level 2.0 Stealth


You had 5 spell levels left.
You didn't know any spells.
Your spell library was empty.

Dungeon Overview and Level Annotations

Branches:
Dungeon (3/15)              Sewer (visited)

Altars:
Cheibriados
Elyvilon


Innate Abilities, Weirdness & Mutations

You are small and have problems with some larger weapons.
You are somewhat resistant to further mutation.


Message History

You feel ready to backstab. The adder closely misses you.
It was a potion of brilliance.
You feel clever all of a sudden. The adder misses you.
Unknown command.
You aren't carrying any items that you can evoke.
Your +1 whip of venom stops dripping with poison.
Your +2 hunting sling of freezing is covered in frost.
b - a +2 hunting sling of freezing (weapon)
You feel sick.
Firing (i - inventory. (/) - cycle)
g - 90 stones (quivered)
Aim: an adder
Okay, then.
Firing (i - inventory. (/) - cycle)
d - 20 sling bullets (quivered)
Aim: an adder You shoot a sling bullet.
The sling bullet hits the adder.
The sling bullet freezes the adder.
The adder bites you.
* * * LOW HITPOINT WARNING * * *
You are more poisoned.
The adder poisons you!
Firing (i - inventory. (/) - cycle)
d - 19 sling bullets (quivered)
Aim: an adder (heavily wounded)
You shoot a sling bullet. The sling bullet hits the adder!
The adder seems to slow down.
The sling bullet freezes the adder.
You kill the adder!
Your Fighting skill increases to level 3!
You have reached level 6!
Your experience leads to an increase in your attributes!
Increase (S)trength, (I)ntelligence, or (D)exterity?
You feel stronger.
Okay, then.
As you read the scroll labeled LYIMERAMUC, it crumbles to dust.
You assume a fearsome visage.
The giant cockroach looks frightened!
The gnoll looks frightened!
It was a scroll of fear.
* * * LOW HITPOINT WARNING * * *
You feel sick.
As you read the scroll labeled XEWNOLE UMETUX, it crumbles to dust.
You feel strangely unstable.
It was a scroll of teleportation.
As you read the scroll labeled VOLLUY BOD JYX, it crumbles to dust.
You feel blessed for a moment.
It was a scroll of remove curse.
* * * LOW HITPOINT WARNING * * *
You feel sick.
As you read the scroll labeled PYDGHYA YCUK, it crumbles to dust.
It is a scroll of enchant armour.
Your +0 leather armour glows green for a moment.
As you read the scroll labeled IPHYHI UTREQ, it crumbles to dust.
You feel aware of your surroundings.
You sensed 1 altar.
It was a scroll of magic mapping.
You die...

*,#***************
#########.## #.≈≈≈≈..>..#
#≈≈≈≈..##### * #≈≈≈≈..# *
#≈≈≈÷..# ####### *
#≈≈....# ##.....# *
####.#.######......# ***
#.#...@(..s.g...# *,,
#.########.)....#****,*
#.# #......#,,,,,,
###.#### #..[...#,*,,,,
#......# #......#,,,,,,
#......#####......#,*,⌠,⌠
#..........+......(((((..
#......#####......#(#.(..
#..†.<.# *,#......#.(.,_.


You could see a gnoll (fleeing) and a giant cockroach (fleeing).

Vanquished Creatures
  3 gnolls (D:3)
  8 adders
  A river rat (D:3)
  An ooze (D:1)
  3 worms (D:2)
  2 dart slugs (D:1)
  3 leopard geckos
  An orc (D:3)
  A giant cockroach (D:2)
  4 goblins
  5 hobgoblins
  9 jackals
  13 kobolds
  5 ball pythons
  5 bats
  2 frilled lizards (Sewer)
  10 rats
76 creatures vanquished.

Vanquished Creatures (others)
  11 plants (Sewer)
11 creatures vanquished.

Grand Total: 87 creatures vanquished

Notes
Turn   | Place    | Note
-------+----------+-------------------------------------------
     0 | D:1      | Apogee the Halfling Hunter began the quest for the Orb.
     0 | D:1      | Reached XP level 1. HP: 14/14 MP: 1/1
    67 | D:1      | Reached skill level 6 in Slings
   352 | D:1      | Reached XP level 2. HP: 18/19 MP: 2/2
   639 | D:1      | Reached XP level 3. HP: 24/24 MP: 3/3
  1199 | D:2      | Reached XP level 4. HP: 29/29 MP: 4/4
  1452 | D:2      | Reached skill level 7 in Slings
  1631 | D:2      | Found a snail-covered altar of Cheibriados.
  1776 | D:3      | Found a glowing drain.
  1789 | D:3      | Reached XP level 5. HP: 19/35 MP: 5/5
  1945 | Sewer    | Entered a sewer
  2651 | D:3      | Found a white marble altar of Elyvilon.
  2681 | D:3      | Reached XP level 6. HP: 2/42 MP: 6/6
  2682 | D:3      | HP: 1/42 [poisoned by an adder]
  2686 | D:3      | Succumbed to an adder's poison

Illustrated notes

Levels and vault maps discovered:
D:1:      eino_arrival_cavern_d, layout_loops_ring, chequers_arboretum
D:2:      layout_loops_cross, overflow_temple_1_default
D:3:      layout_basic, grunt_qazlal_clouds, elyvilon_altar_5,
          portal_sewer_entry_b, uniq_terence

Skill      XL: |  1  2  3  4  5 |
---------------+----------------+-----
Slings         | 6 7 |  7.9
Fighting       | 2 3 |  3.0
Stealth        | 2 |  2.0
Dodging        | 3 |  3.5

Action                   |  1- 3 |  4- 6 || total
-------------------------+-------+-------++-------
Melee: Short sword       |    24 |       ||    24
 Fire: Hunting sling     |    72 |   123 ||   195
  Use: Potion            |       |     4 ||     4
       Scroll            |       |     5 ||     5
Armor: Leather armour    |     8 |     2 ||    10
Dodge: Dodged            |    33 |    27 ||    60

Table legend: (Time is in decaauts)
 A = Elapsed time spent in this place.
 B = Non-inter-level travel time spent in this place.
 C = Inter-level travel time spent in this place.
 D = Time resting spent in this place.
 E = Time spent auto-exploring this place.
 F = Levels seen in this place.
 G = Mean time per level.
                   A        B        C        D        E       F      G
               +--------+--------+--------+--------+--------+-----+--------+
         Total |   2822 |   2727 |     95 |    128 |   2038 |   4 |  705.5 |
       Dungeon |   1977 |   1882 |     95 |    128 |   1376 |   3 |  659.0 |
         Sewer |    844 |    844 |      0 |      0 |    662 |   1 |  844.0 |
               +--------+--------+--------+--------+--------+-----+--------+

Top non-repeatable levels by time:
     D:1: 1097 daAuts
   Sewer: 844 daAuts
     D:2: 642 daAuts
     D:3: 238 daAuts
